[Event "2026 Fred Maris Cup (Division E)"]
[Site "Woodvale, Perth WA AUS"]
[Date "2026.07.01"]
[Round "4"]
[White "Rennie, Mike"]
[Black "Overste, Brian"]
[Result "0-1"]
[ECO "D00"]
[WhiteElo "886"]
[BlackElo "1068"]
[PlyCount "102"]
[EventDate "2026.06.10"]
[EventType "tourn"]
[EventRounds "5"]
[EventCountry "AUS"]
[TimeControl "3600+30"]

1. d4 d5 2. e3 Nf6 3. f3 a6 4. Bd3 e6 5. Ne2 c5 6. O-O c4 7. Nbc3 Bd7 8. a4 Qc7
9. Qd2 Bb4 10. Ng3 cxd3 11. cxd3 Bd6 12. Qf2 Bb4 13. Bd2 Nc6 14. h3 Bd6 15. f4
Nb4 16. Qe2 O-O 17. Nh5 Qd8 18. Rfc1 g6 19. Ng3 Nc6 20. Nd1 Bb4 21. Nf2 h5 22.
b3 Qe7 23. Be1 Na5 24. Qa2 Nc6 25. Ne2 Bxe1 26. Rxe1 Nb4 27. Qa3 a5 28. Rec1
Rfc8 29. Nc3 Qe8 30. Kh2 h4 31. g4 Rc7 32. g5 Nh5 33. Ng4 Nxd3 34. Nb5 Rxc1 35.
Nh6+ Kg7 36. Rxc1 Bxb5 37. Rc7 Bd7 38. Ng4 Rc8 39. Nf6 Rxc7 40. Nxe8+ Bxe8 41.
Kg1 Rc1+ 42. Kg2 Ne1+ 43. Kf2 Nd3+ 44. Ke2 Ndxf4+ 45. exf4 Nxf4+ 46. Kd2 Rh1
47. Qe7 Rh2+ 48. Ke3 Ng2+ 49. Kf3 Ne1+ 50. Kg4 Rg2+ 51. Kxh4 Nf3# 0-1

[Event "2026 Fred Maris Cup (Division E)"]
[Site "Woodvale, Perth WA AUS"]
[Date "2026.07.08"]
[Round "4"]
[White "Frankland, David"]
[Black "Ayles, Jesse"]
[Result "1-0"]
[ECO "B07"]
[WhiteElo "1092"]
[BlackElo "968"]
[PlyCount "63"]
[EventDate "2026.06.10"]
[EventType "tourn"]
[EventRounds "5"]
[EventCountry "AUS"]
[TimeControl "3600+30"]

1. e4 d6 2. d4 Nf6 3. f3 g6 4. Nc3 Bg7 5. e5 dxe5 6. dxe5 Qxd1+ 7. Nxd1 Nh5 8.
f4 O-O 9. h3 Bh6 10. Ne2 Re8 11. g4 Ng7 12. g5 Bxg5 13. fxg5 Nf5 14. h4 Nc6 15.
Bf4 Nb4 16. Kf2 Nd5 17. Ndc3 Nxf4 18. Nxf4 Nd4 19. Bd3 c5 20. Nb5 Rd8 21. Nxd4
Rxd4 22. Ke3 b6 23. c3 Rd8 24. Be4 Rb8 25. Rad1 Re8 26. Bc6 Rf8 27. h5 Kg7 28.
h6+ Kh8 29. Rh2 f6 30. Rdd2 Bg4 31. Bf3 fxg5 32. Nxg6+ 1-0

[Event "2026 Fred Maris Cup (Division E)"]
[Site "Woodvale, Perth WA AUS"]
[Date "2026.07.01"]
[Round "4"]
[White "Jayasinghe, Attiligoda"]
[Black "Golshiriour, Mohsen"]
[Result "1-0"]
[ECO "C44"]
[WhiteElo "903"]
[BlackElo "1041"]
[PlyCount "43"]
[EventDate "2026.06.10"]
[EventType "tourn"]
[EventRounds "5"]
[EventCountry "AUS"]
[TimeControl "3600+30"]

1. e4 e5 2. Nf3 Nc6 3. d4 f6 4. d5 Nce7 5. Nc3 c6 6. d6 Ng6 7. Be3 b6 8. Bc4
Bb7 9. Qd2 Qb8 10. Rd1 Nf4 11. Bxf4 exf4 12. Qxf4 Nh6 13. e5 g5 14. Qxf6 b5 15.
Bb3 a5 16. Nxg5 a4 17. Bf7+ Nxf7 18. Nxf7 Rg8 19. e6 Rg6 20. exd7+ Kxd7 21.
Ne5+ Ke8 22. d7# 1-0

[Event "2026 Fred Maris Cup (Division A)"]
[Site "Woodvale, Perth WA AUS"]
[Date "2026.07.08"]
[Round "5"]
[White "Brand, Drew"]
[Black "Hernandez Mendez, Iker"]
[Result "0-1"]
[ECO "B22"]
[WhiteElo "1931"]
[BlackElo "2060"]
[PlyCount "78"]
[EventDate "2026.06.10"]
[EventType "swiss"]
[EventRounds "6"]
[EventCountry "AUS"]
[TimeControl "3600+30"]

1. e4 c5 2. c3 d5 3. exd5 Nf6 4. Nf3 Nxd5 5. d4 cxd4 6. Qxd4 Nc6 7. Bb5 e6 8.
Bxc6+ bxc6 9. c4 Nb4 10. Qxd8+ Kxd8 11. Na3 Bc5 12. O-O Ke7 13. Rd1 f6 14. Ne1
e5 15. Nac2 Bg4 16. Rd2 a5 17. a3 Nxc2 18. Nxc2 Rab8 19. b4 Bb6 20. c5 Bc7 21.
Ne3 Be6 22. Rb2 f5 23. Bd2 f4 24. Nd1 Rhd8 25. Bc3 Rd3 26. Re2 Rbd8 27. Re1 Bb3
28. Bxe5 Bxe5 29. Rxe5+ Kf6 30. Re1 Rxd1 31. bxa5 Rxa1 32. Rxa1 Ra8 33. Rb1 Bd5
34. Rc1 Rxa5 35. Rc3 Ke5 36. Kf1 Kd4 37. Rh3 Rxc5 38. Rxh7 f3 39. gxf3 Bxf3 0-1

[Event "2026 Fred Maris Cup (Division A)"]
[Site "Woodvale, Perth WA AUS"]
[Date "2026.07.08"]
[Round "5"]
[White "Plaganyi, Gyula"]
[Black "Selby, Michael"]
[Result "0-1"]
[ECO "A25"]
[WhiteElo "1914"]
[WhiteTitle "CM"]
[BlackElo "2048"]
[PlyCount "84"]
[EventDate "2026.06.10"]
[EventType "swiss"]
[EventRounds "6"]
[EventCountry "AUS"]
[TimeControl "3600+30"]

1. g3 e5 2. Bg2 Bc5 3. c4 d6 4. Nc3 Nc6 5. a3 a5 6. d3 h6 7. Nf3 Nge7 8. e4 Bg4
9. h3 Be6 10. Be3 Bxe3 11. fxe3 f5 12. Qe2 fxe4 13. Nxe4 Rb8 14. O-O O-O 15.
Kh2 Nf5 16. Nc3 Qe8 17. g4 Nfe7 18. Nh4 Qd7 19. Rxf8+ Rxf8 20. Rf1 Rxf1 21.
Qxf1 Nd8 22. e4 c6 23. Nf5 Nf7 24. b4 axb4 25. axb4 Ng6 26. Ne2 d5 27. c5 Qd8
28. Qf2 d4 29. Kg1 Qg5 30. Neg3 Qc1+ 31. Bf1 Nf4 32. Kh2 Qb1 33. Qd2 Bxf5 34.
exf5 Ng5 35. Bg2 Nfxh3 36. Ne2 Nf2 37. Nxd4 Nxg4+ 38. Kg3 exd4 39. Kxg4 Nf7 40.
Be4 Qg1+ 41. Qg2 Qxg2+ 42. Bxg2 Ne5+ 0-1

[Event "2026 Fred Maris Cup (Division A)"]
[Site "Woodvale, Perth WA AUS"]
[Date "2026.07.08"]
[Round "5"]
[White "Weijermars, Tristan"]
[Black "Fokaite, Gabriele"]
[Result "1/2-1/2"]
[ECO "A00"]
[WhiteElo "1608"]
[BlackElo "1977"]
[PlyCount "71"]
[EventDate "2026.06.10"]
[EventType "swiss"]
[EventRounds "6"]
[EventCountry "AUS"]
[TimeControl "3600+30"]

1. Nc3 e5 2. Nf3 Nc6 3. d4 exd4 4. Nxd4 Nf6 5. Bg5 Be7 6. e3 O-O 7. Bd3 h6 8.
Bh4 Ne5 9. Be2 Ng6 10. Bg3 c5 11. Nf5 d5 12. Nxe7+ Nxe7 13. O-O Be6 14. Nb5 Nf5
15. Bf4 Qb6 16. Nc7 Rac8 17. Nxe6 fxe6 18. b3 Qc6 19. Bd3 Nh4 20. Bg3 c4 21.
Bxh4 cxd3 22. cxd3 Qc3 23. Bxf6 Qxf6 24. d4 Rf7 25. Rc1 Rcf8 26. Rc2 Qh4 27.
Qe2 h5 28. g3 Qh3 29. f4 Rf6 30. Rfc1 Rg6 31. Rc8 Rxc8 32. Rxc8+ Kh7 33. Qb5
Qg4 34. Qe8 Qd1+ 35. Kf2 Qd2+ 36. Kf1 1/2-1/2

[Event "2026 Fred Maris Cup (Division A)"]
[Site "Woodvale, Perth WA AUS"]
[Date "2026.07.08"]
[Round "5"]
[White "Elkington, Derek"]
[Black "Leech, Martin"]
[Result "1-0"]
[ECO "C11"]
[WhiteElo "1815"]
[BlackElo "1685"]
[PlyCount "63"]
[EventDate "2026.06.10"]
[EventType "swiss"]
[EventRounds "6"]
[EventCountry "AUS"]
[TimeControl "3600+30"]

1. e4 e6 2. Nc3 d5 3. Nf3 Nf6 4. e5 Nfd7 5. d4 c5 6. Ne2 cxd4 7. Nexd4 Bc5 8.
Nb3 Bb6 9. Bd3 Nc6 10. Bf4 O-O 11. h4 Bc7 12. Bxh7+ Kh8 13. Qe2 Ndxe5 14. Nxe5
Kxh7 15. Qh5+ Kg8 16. Bg5 Qd6 17. Ng4 e5 18. O-O-O Bxg4 19. Qxg4 Bd8 20. h5 f5
21. Qg3 Bxg5+ 22. Qxg5 Rf6 23. h6 Rg6 24. h7+ Kh8 25. Qxf5 Rf8 26. Qd3 Nb4 27.
Qb5 Rxf2 28. Qxb7 Nxc2 29. Rxd5 Qb4 30. Qxb4 Rh6 31. Rxh6 gxh6 32. Qe7 1-0

[Event "2026 Fred Maris Cup (Division A)"]
[Site "Woodvale, Perth WA AUS"]
[Date "2026.07.08"]
[Round "5"]
[White "Gibson, Jacob"]
[Black "Davoll, Josh"]
[Result "1-0"]
[ECO "B23"]
[WhiteElo "2044"]
[BlackElo "2014"]
[PlyCount "79"]
[EventDate "2026.06.10"]
[EventType "swiss"]
[EventRounds "6"]
[EventCountry "AUS"]
[TimeControl "3600+30"]

1. e4 c5 2. Nc3 Nc6 3. f4 e6 4. Nf3 Nf6 5. e5 Nd5 6. Nxd5 exd5 7. d4 d6 8. c3
Be7 9. Qb3 dxe5 10. fxe5 O-O 11. Be2 cxd4 12. cxd4 Bb4+ 13. Kf2 f6 14. exf6
Qxf6 15. Rd1 Nxd4 16. Qxd5+ Ne6 17. Kg1 Kh8 18. Qb3 Nf4 19. Bxf4 Qxf4 20. Rac1
Ba5 21. Kh1 Bb6 22. Qd5 Bg4 23. Rc4 Qf5 24. Qxb7 Rad8 25. Rxd8 Rxd8 26. Qe4 Qd7
27. h3 Bf5 28. Qh4 Be6 29. Ng5 Bg8 30. Rc1 h6 31. Nf3 Rc8 32. Rd1 Qe8 33. Re1
Qe3 34. Ba6 Rc1 35. Qg3 Bd5 36. Kh2 Rxe1 37. Qxe1 Qf4+ 38. Kh1 Bxf3 39. Qe8+
Kh7 40. Bd3+ 1-0

[Event "2026 Fred Maris Cup (Division A)"]
[Site "Woodvale, Perth WA AUS"]
[Date "2026.07.08"]
[Round "5"]
[White "Hapugala, Amila"]
[Black "Janceski, Alex"]
[Result "1-0"]
[ECO "D93"]
[WhiteElo "1666"]
[BlackElo "1806"]
[PlyCount "69"]
[EventDate "2026.06.10"]
[EventType "swiss"]
[EventRounds "6"]
[EventCountry "AUS"]
[TimeControl "3600+30"]

1. d4 d5 2. Nf3 c6 3. c4 Nf6 4. Nc3 g6 5. Bf4 Bg7 6. h3 O-O 7. e3 Bf5 8. g4 Bc8
9. Bg3 a5 10. Ne5 e6 11. Be2 Nbd7 12. f4 Nxe5 13. fxe5 Ne8 14. h4 f6 15. Qc2
Qe7 16. O-O-O fxe5 17. Bxe5 Bxe5 18. dxe5 Qc7 19. h5 g5 20. Bd3 h6 21. Rhf1
Rxf1 22. Rxf1 Qg7 23. Bg6 Nc7 24. Rf7 Qxe5 25. Nd1 Qg3 26. Re7 Qe5 27. Rh7 dxc4
28. Bf7+ Kf8 29. Qg6 Ke7 30. Bxe6+ Kd6 31. Bxc8+ Kc5 32. Bxb7 Rc8 33. Qxc6+ Kb4
34. Qb6+ Ka4 35. Nc3+ 1-0

[Event "2026 Fred Maris Cup (Division A)"]
[Site "Woodvale, Perth WA AUS"]
[Date "2026.07.08"]
[Round "5"]
[White "Hagendoorn, Mark"]
[Black "Sheikh, Suhail"]
[Result "1-0"]
[ECO "B06"]
[WhiteElo "1656"]
[BlackElo "1691"]
[PlyCount "89"]
[EventDate "2026.06.10"]
[EventType "swiss"]
[EventRounds "6"]
[EventCountry "AUS"]
[TimeControl "3600+30"]

1. e4 g6 2. Nc3 Bg7 3. h4 d6 4. d4 Nf6 5. f3 h5 6. Be3 Nbd7 7. Nh3 e5 8. Ng5 c6
9. Bc4 O-O 10. Qd2 Qe7 11. O-O-O Nb6 12. Be2 d5 13. dxe5 Qxe5 14. f4 Qe7 15.
exd5 Nbxd5 16. Nxd5 cxd5 17. Bf3 Bg4 18. Rhe1 Qd7 19. Bd4 Rad8 20. Qc3 Rc8 21.
Qb3 Rfe8 22. Bxa7 Bf5 23. c3 b6 24. Rxe8+ Rxe8 25. Qxb6 Ra8 26. Bb8 Rxa2 27.
Be5 Ra1+ 28. Kd2 Ne4+ 29. Ke3 Rxd1 30. Bxd1 Bxe5 31. fxe5 Nxg5 32. hxg5 Bg4 33.
Bf3 Be6 34. Qd6 Qa7+ 35. Kf4 Qa4+ 36. b4 Qb5 37. Qc5 Qxc5 38. bxc5 Kf8 39. Ke3
Ke7 40. Kd4 h4 41. Bxd5 h3 42. gxh3 Bxh3 43. c6 Bc8 44. Kc5 Be6 45. c4 1-0

[Event "2026 Fred Maris Cup (Division A)"]
[Site "Woodvale, Perth WA AUS"]
[Date "2026.07.08"]
[Round "5"]
[White "O'Shaughnessy, Dave"]
[Black "Brophy, Gavin"]
[Result "1-0"]
[ECO "D04"]
[WhiteElo "1790"]
[BlackElo "1430"]
[PlyCount "99"]
[EventDate "2026.06.10"]
[EventType "swiss"]
[EventRounds "6"]
[EventCountry "AUS"]
[TimeControl "3600+30"]

1. b3 d5 2. Bb2 Bf5 3. e3 e6 4. Nf3 Nf6 5. d4 c5 6. Bd3 Be4 7. O-O Nc6 8. c4
Qc7 9. cxd5 Bxd5 10. Nc3 Nb4 11. Nxd5 Nfxd5 12. Bb5+ Nc6 13. Rc1 a6 14. Bxc6+
Qxc6 15. Ne5 Qc7 16. dxc5 f6 17. Qh5+ g6 18. Nxg6 Qf7 19. Nf4 Nxf4 20. Qxf7+
Kxf7 21. exf4 h5 22. Rfd1 Ke7 23. c6 bxc6 24. Rxc6 Kf7 25. Rd7+ Kg6 26. Rxe6
Bg7 27. Ree7 Rhg8 28. f5+ Kh6 29. Bc1+ Kh7 30. Be3 Rab8 31. h3 Rb5 32. g4 hxg4
33. hxg4 a5 34. f3 a4 35. Rb7 Ra5 36. bxa4 Rxa4 37. Ra7 Rb4 38. Kf2 Rb2+ 39.
Kg3 Re2 40. a4 Kh8 41. a5 Rc8 42. Rxg7 Rxe3 43. Rge7 Ra3 44. a6 Kg8 45. Kf4 Kf8
46. g5 Ra4+ 47. Re4 fxg5+ 48. Kxg5 Ra5 49. Kf6 Ra3 50. Rf7+ 1-0

[Event "2026 Fred Maris Cup (Division A)"]
[Site "Woodvale, Perth WA AUS"]
[Date "2026.07.08"]
[Round "5"]
[White "Michael, Ashley"]
[Black "Lowson, Jeremy"]
[Result "1-0"]
[ECO "C58"]
[WhiteElo "1663"]
[BlackElo "1504"]
[PlyCount "45"]
[EventDate "2026.06.10"]
[EventType "swiss"]
[EventRounds "6"]
[EventCountry "AUS"]
[TimeControl "3600+30"]

1. e4 e5 2. Bc4 Nf6 3. Nf3 Nc6 4. Ng5 d5 5. exd5 Na5 6. Bb5+ c6 7. dxc6 bxc6 8.
Qf3 Bd7 9. Ba4 Bd6 10. Nc3 O-O 11. Nge4 Nxe4 12. Nxe4 Be7 13. O-O Nb7 14. d3
Qb6 15. Qg3 Qd4 16. Bh6 g6 17. Bxf8 Rxf8 18. Bb3 Qxb2 19. Rab1 Qd4 20. c3 Qb6
21. Bxf7+ Rxf7 22. Rxb6 axb6 23. Qxe5 1-0

[Event "2026 Fred Maris Cup (Division A)"]
[Site "Woodvale, Perth WA AUS"]
[Date "2026.07.08"]
[Round "5"]
[White "Batahena, Ayun"]
[Black "Curtis, Calan"]
[Result "0-1"]
[ECO "C02"]
[WhiteElo "1549"]
[BlackElo "1704"]
[PlyCount "98"]
[EventDate "2026.06.10"]
[EventType "swiss"]
[EventRounds "6"]
[EventCountry "AUS"]
[TimeControl "3600+30"]

1. e4 e6 2. d4 d5 3. e5 c5 4. Nf3 Nc6 5. Be3 Qb6 6. b3 cxd4 7. Bxd4 Nxd4 8.
Qxd4 Bc5 9. Qd2 Bd7 10. Be2 Bxf2+ 11. Kd1 Ne7 12. c3 Nf5 13. Bd3 Ne3+ 14. Ke2
Nxg2 15. Qg5 Qe3+ 16. Qxe3 Bxe3 17. Nbd2 Bh6 18. c4 Nf4+ 19. Ke3 Nxd3+ 20. Kxd3
dxc4+ 21. Nxc4 Bb5 22. Kc3 Rc8 23. Kb4 Bxc4 24. bxc4 Be3 25. Kc3 O-O 26. Rae1
Bc5 27. Re4 Rfd8 28. Nd4 a6 29. Rb1 b5 30. Nc2 bxc4 31. Rxc4 Rd5 32. Nb4 Bxb4+
33. Rbxb4 Rxc4+ 34. Kxc4 f5 35. exf6 gxf6 36. Rb6 Ra5 37. Rxe6 Kf7 38. Re2 Re5
39. Rxe5 fxe5 40. Kd3 Kf6 41. Ke4 Ke6 42. Ke3 Kf5 43. Kf3 e4+ 44. Ke3 Ke5 45.
Ke2 a5 46. a4 Kd4 47. Kd2 Kc4 48. Ke3 Kb4 49. Kxe4 Kxa4 0-1

[Event "2026 Fred Maris Cup (Division A)"]
[Site "Woodvale, Perth WA AUS"]
[Date "2026.07.15"]
[Round "6"]
[White "Selby, Michael"]
[Black "Elkington, Derek"]
[Result "1-0"]
[ECO "B01"]
[WhiteElo "2048"]
[BlackElo "1815"]
[PlyCount "109"]
[EventDate "2026.06.10"]
[EventType "swiss"]
[EventRounds "6"]
[EventCountry "AUS"]
[TimeControl "3600+30"]

1. e4 d5 2. exd5 Qxd5 3. Nf3 Bf5 4. d4 Qe4+ 5. Be3 Qxc2 6. Qxc2 Bxc2 7. Nc3 c6
8. d5 Nf6 9. Nd4 Bg6 10. dxc6 bxc6 11. g3 e5 12. Nf3 Nbd7 13. Nh4 Bb4 14. Nxg6
Bxc3+ 15. bxc3 hxg6 16. Bg2 Nd5 17. Bd2 N7b6 18. O-O Nc4 19. Bc1 f5 20. Re1 Kd7
21. Bf1 Ndb6 22. Rb1 Kd6 23. Rb4 Kc5 24. Bg5 Rhe8 25. Bxc4 Nxc4 26. Rb7 Nd6 27.
Be7 Rxe7 28. Rxe7 e4 29. Rxg7 Nc4 30. Rxg6 Ne5 31. Rf6 Nf3+ 32. Kf1 Nxe1 33.
Kxe1 Kc4 34. Rxc6+ Kd3 35. h4 Rb8 36. Rd6+ Kxc3 37. Rd2 a5 38. Ke2 Rb5 39. Ke3
a4 40. Rd4 a3 41. h5 Rb1 42. Ra4 Kb2 43. Kf4 Rf1 44. Kxf5 e3 45. Re4 Rxf2+ 46.
Kg5 e2 47. h6 Kxa2 48. h7 Rh2 49. Rxe2+ Rxe2 50. h8=Q Rb2 51. Qh1 Rb1 52. Qd5+
Ka1 53. Qd4+ Rb2 54. Qc3 a2 55. Qd4 1-0

[Event "2026 Fred Maris Cup (Division A)"]
[Site "Woodvale, Perth WA AUS"]
[Date "2026.07.15"]
[Round "6"]
[White "Maris, Rob"]
[Black "Fokaite, Gabriele"]
[Result "1-0"]
[ECO "A21"]
[WhiteElo "1998"]
[BlackElo "1977"]
[PlyCount "101"]
[EventDate "2026.06.10"]
[EventType "swiss"]
[EventRounds "6"]
[EventCountry "AUS"]
[TimeControl "3600+30"]

1. c4 e5 2. Nc3 Bc5 3. g3 a6 4. Bg2 Nf6 5. e3 O-O 6. Nge2 d6 7. d4 exd4 8. exd4
Ba7 9. O-O Nc6 10. h3 Bd7 11. b3 Rb8 12. a4 Re8 13. Bg5 h6 14. Bxf6 Qxf6 15.
Nd5 Qd8 16. Rc1 Ne7 17. Ne3 Nf5 18. Qd3 Qg5 19. Nd5 c6 20. Ndf4 Qf6 21. c5 dxc5
22. dxc5 Rbd8 23. Qc2 Bb8 24. Rcd1 Bxf4 25. Nxf4 Nh4 26. Rd6 Qe5 27. Nd3 Qh5
28. gxh4 Qxh4 29. Qc4 Qg5 30. Qf4 Qh5 31. h4 Be6 32. b4 Bd5 33. Bxd5 cxd5 34.
Rxd8 Rxd8 35. Re1 Qg6+ 36. Qg3 Qf6 37. Re5 d4 38. Kf1 Qc6 39. a5 Qa4 40. Qf3
Qa1+ 41. Kg2 Qa2 42. Qxb7 Qc4 43. Qf3 f6 44. Re1 Qf7 45. Qe4 Qh5 46. c6 f5 47.
Qe6+ Kh7 48. c7 Qg4+ 49. Kf1 Qh3+ 50. Ke2 Qg4+ 51. Kd2 1-0

[Event "2026 Fred Maris Cup (Division A)"]
[Site "Woodvale, Perth WA AUS"]
[Date "2026.07.15"]
[Round "6"]
[White "Hapugala, Amila"]
[Black "Brand, Drew"]
[Result "0-1"]
[ECO "A48"]
[WhiteElo "1666"]
[BlackElo "1931"]
[PlyCount "80"]
[EventDate "2026.06.10"]
[EventType "swiss"]
[EventRounds "6"]
[EventCountry "AUS"]
[TimeControl "3600+30"]

1. d4 d6 2. Nf3 Nd7 3. Bf4 Ngf6 4. h3 g6 5. Nbd2 Bg7 6. c3 O-O 7. e4 Re8 8. Bc4
e5 9. dxe5 dxe5 10. Be3 b6 11. Qb3 Re7 12. O-O-O Bb7 13. Qc2 Qe8 14. h4 Nc5 15.
Ng5 h6 16. Nxf7 Rxf7 17. Bxf7+ Qxf7 18. b4 Ncxe4 19. Nf3 Ng4 20. Rhf1 Nxe3 21.
fxe3 Qc4 22. Kb2 a5 23. Qb3 Qxb3+ 24. Kxb3 a4+ 25. Kc2 Nd6 26. Rfe1 Be4+ 27.
Kc1 Rf8 28. Rf1 Rf7 29. Nd2 Bxg2 30. Rg1 Rf2 31. Kb1 Bh3 32. e4 Nxe4 33. Nxe4
Bf5 34. Rgf1 Bxe4+ 35. Ka1 Rxf1 36. Rxf1 Bd3 37. Rd1 e4 38. Kb2 Kf7 39. Rd2 Ke6
40. Rg2 e3 0-1

[Event "2026 Fred Maris Cup (Division A)"]
[Site "Woodvale, Perth WA AUS"]
[Date "2026.07.15"]
[Round "6"]
[White "Hagendoorn, Mark"]
[Black "Gibson, Jacob"]
[Result "0-1"]
[ECO "A22"]
[WhiteElo "1656"]
[BlackElo "2044"]
[PlyCount "84"]
[EventDate "2026.06.10"]
[EventType "swiss"]
[EventRounds "6"]
[EventCountry "AUS"]
[TimeControl "3600+30"]

1. c4 e5 2. Nc3 Nf6 3. e4 Bb4 4. d3 c6 5. Nf3 d5 6. cxd5 Bxc3+ 7. bxc3 cxd5 8.
Nxe5 O-O 9. Qc2 Re8 10. f4 Nfd7 11. Nxd7 Bxd7 12. e5 Bf5 13. Qf2 Qa5 14. Bd2
Qb5 15. a4 Qb2 16. Rc1 Qa2 17. Be2 Qxa4 18. O-O Qd7 19. h3 h5 20. Qh4 d4 21.
Rf3 Nc6 22. Qxh5 dxc3 23. Bxc3 Nd4 24. Rg3 Rac8 25. Bd2 Rxc1+ 26. Bxc1 Rc8 27.
Be3 Rc2 28. Bxd4 Qxd4+ 29. Kh2 Qxf4 30. Bd1 Rc6 31. d4 Qxd4 32. Bb3 Be6 33. Qg5
g6 34. h4 Rb6 35. Bc2 Rb4 36. Qe3 Qxe3 37. Rxe3 Rxh4+ 38. Kg3 Rc4 39. Bb1 Kf8
40. Rf3 Ke7 41. Ba2 Rg4+ 42. Kf2 Bxa2 0-1

[Event "2026 Fred Maris Cup (Division A)"]
[Site "Woodvale, Perth WA AUS"]
[Date "2026.07.15"]
[Round "6"]
[White "Weijermars, Tristan"]
[Black "Clarke, Daniel"]
[Result "1/2-1/2"]
[ECO "A00"]
[WhiteElo "1608"]
[BlackElo "1855"]
[PlyCount "115"]
[EventDate "2026.06.10"]
[EventType "swiss"]
[EventRounds "6"]
[EventCountry "AUS"]
[TimeControl "3600+30"]

1. Nc3 d5 2. e4 d4 3. Nce2 e5 4. Nf3 f6 5. Ng3 Be6 6. Bb5+ c6 7. Ba4 Nd7 8. d3
Nc5 9. Bb3 Nxb3 10. axb3 Bd6 11. O-O Ne7 12. Bd2 Ng6 13. h3 Qd7 14. Nh2 h5 15.
Ne2 c5 16. f4 exf4 17. Nxf4 Nxf4 18. Bxf4 a6 19. Bxd6 Qxd6 20. Qf3 O-O-O 21.
Qf4 Kc7 22. Qxd6+ Kxd6 23. Nf3 Rdf8 24. Nh4 Rc8 25. Nf5+ Bxf5 26. Rxf5 Rc6 27.
Rd5+ Ke6 28. Ra5 b5 {(=)} 29. Ra1 g6 30. Rf1 Rg8 31. Kh2 h4 32. Rf4 Rh8 33. Kg1
Rcc8 34. Kf2 Rh6 35. Ke2 Rh7 36. Kd2 Rc6 37. Rf3 Rh8 38. Rf4 f5 39. Rf1 fxe4
40. dxe4 Rh7 41. Rg5 Ke7 42. Kd3 Rh8 43. Rf4 Rh7 44. Re5+ Kd7 45. Rg5 Rc8 46.
Rxg6 Rc6 47. Rxc6 Kxc6 48. Rf6+ Kb7 49. e5 Rg7 50. Rf2 Kc6 51. Ke4 Rg6 52. Rf6+
Rxf6 53. exf6 Kd7 54. Kf5 Ke8 55. Ke5 Kf7 56. Kd5 Kxf6 57. Kxc5 Ke5 58. Kb6
1/2-1/2

[Event "2026 Fred Maris Cup (Division A)"]
[Site "Woodvale, Perth WA AUS"]
[Date "2026.07.15"]
[Round "6"]
[White "Leech, Martin"]
[Black "Plaganyi, Gyula"]
[Result "0-1"]
[ECO "B36"]
[WhiteElo "1685"]
[BlackElo "1914"]
[BlackTitle "CM"]
[PlyCount "106"]
[EventDate "2026.06.10"]
[EventType "swiss"]
[EventRounds "6"]
[EventCountry "AUS"]
[TimeControl "3600+30"]

1. e4 c5 2. Nf3 g6 3. d4 cxd4 4. Nxd4 Nc6 5. c4 Nf6 6. Nc3 d6 7. Be2 Nxd4 8.
Qxd4 Bg7 9. O-O O-O 10. Qd3 Be6 11. Be3 a6 12. a4 Rc8 13. b3 Ng4 14. Bxg4 Bxg4
15. f3 Bd7 16. Rac1 Re8 17. Nd5 Rc6 18. Rfd1 f5 19. Qd2 fxe4 20. fxe4 Bg4 21.
Rf1 Qc8 22. Bg5 Qd7 23. Bh6 Be6 24. Bxg7 Kxg7 25. Qd4+ Kg8 26. Rc3 b5 27. axb5
axb5 28. cxb5 Rxc3 29. Qxc3 Qxb5 30. Rb1 Bxd5 31. exd5 Qxd5 32. b4 Rb8 33. h3
Qb5 34. Qd4 Qb6 35. Qxb6 Rxb6 36. Kf2 Rb5 37. g4 Kf7 38. Ke3 e5 39. Ke4 Ke6 40.
Kd3 Kd5 41. Kc3 e4 42. Rd1+ Ke5 43. Kc4 Rb8 44. b5 Rc8+ 45. Kb4 d5 46. b6 e3
47. Ka5 d4 48. b7 Rb8 49. Kb6 e2 50. Re1 d3 51. Kc7 Rxb7+ 52. Kxb7 Kd4 53. Ra1
d2 0-1

[Event "2026 Fred Maris Cup (Division A)"]
[Site "Woodvale, Perth WA AUS"]
[Date "2026.07.15"]
[Round "6"]
[White "Deng, Eric"]
[Black "Michael, Ashley"]
[Result "1-0"]
[ECO "C50"]
[WhiteElo "1735"]
[BlackElo "1663"]
[PlyCount "53"]
[EventDate "2026.06.10"]
[EventType "swiss"]
[EventRounds "6"]
[EventCountry "AUS"]
[TimeControl "3600+30"]

1. e4 e5 2. Nf3 Nf6 3. Nc3 Nc6 4. Bc4 Bc5 5. O-O d6 6. h3 h6 7. d3 O-O 8. Na4
Qe7 9. Nxc5 dxc5 10. Be3 Rd8 11. Nd2 Nd4 12. f4 Nc6 13. f5 Na5 14. Qf3 Bd7 15.
Qg3 Kh7 16. a4 Nh5 17. Qg4 Nf6 18. Qg3 Nh5 19. Qg4 Nf6 20. Qh4 Nxc4 21. Nxc4 b5
22. Nd2 Nd5 23. f6 Nxf6 24. Bg5 Rg8 25. Rxf6 Qxf6 26. Bxf6 gxf6 27. Rf1 1-0

[Event "2026 Fred Maris Cup (Division A)"]
[Site "Woodvale, Perth WA AUS"]
[Date "2026.07.15"]
[Round "6"]
[White "Janceski, Alex"]
[Black "Gough, Dylan"]
[Result "1-0"]
[ECO "E00"]
[WhiteElo "1806"]
[BlackElo "1775"]
[PlyCount "134"]
[EventDate "2026.06.10"]
[EventType "swiss"]
[EventRounds "6"]
[EventCountry "AUS"]
[TimeControl "3600+30"]

1. d4 Nf6 2. c4 e6 3. a3 g6 4. e3 Bg7 5. Nf3 O-O 6. Bd3 d5 7. Nbd2 Nc6 8. b4
dxc4 9. Bxc4 a6 10. Bb2 b5 11. Be2 Bb7 12. Rc1 Ne7 13. Nb3 Bd5 14. Nc5 Ne4 15.
Bd3 Nxc5 16. Rxc5 Bb7 17. e4 h6 18. O-O Nc6 19. e5 Ne7 20. Re1 Bd5 21. h3 Nc6
22. Qe2 Rc8 23. Rec1 Bxf3 24. Qxf3 Nxd4 25. Bxd4 Qxd4 26. Be4 Rcd8 27. Bc2 Bxe5
28. g3 Bd6 29. Rc6 Ra8 30. Kg2 Rfd8 31. Be4 Ra7 32. Rd1 Qe5 33. Bc2 Be7 34. Rc5
Qf6 35. Rxd8+ Bxd8 36. Qe3 Rb7 37. Be4 Rb6 38. Qxh6 Rd6 39. h4 Qg7 40. Qe3 f5
41. Bf3 Qd4 42. Qc1 Qd2 43. Qxd2 Rxd2 44. Bb7 Ra2 45. Rc3 Bf6 46. Rd3 Rb2 47.
Bxa6 c6 48. Bc8 Kf7 49. Rd6 Re2 50. Kf3 Rc2 51. Rxe6 c5 52. Rc6 c4 53. Rd6 Rc3+
54. Ke2 Rxa3 55. Rd7+ Ke8 56. Rd5 Ra2+ 57. Rd2 Ra4 58. Bd7+ Ke7 59. Bxb5 Rxb4
60. Ba6 c3 61. Rc2 Rb6 62. Bd3 Rc6 63. Kf3 Ke6 64. Re2+ Kf7 65. Bb5 Rd6 66. g4
fxg4+ 67. Kxg4 Rd2 {Black's time expired} 1-0

[Event "2026 Fred Maris Cup (Division A)"]
[Site "Woodvale, Perth WA AUS"]
[Date "2026.07.15"]
[Round "6"]
[White "Mahanidis, Jet"]
[Black "Curtis, Calan"]
[Result "1-0"]
[ECO "C11"]
[WhiteElo "1666"]
[BlackElo "1704"]
[PlyCount "53"]
[EventDate "2026.06.10"]
[EventType "swiss"]
[EventRounds "6"]
[EventCountry "AUS"]
[TimeControl "3600+30"]

1. e4 e6 2. d4 d5 3. Nc3 Nf6 4. e5 Nfd7 5. f4 c5 6. Nf3 Nc6 7. Be3 cxd4 8. Nxd4
Be7 9. Bd3 Nb6 10. Qf3 Bd7 11. O-O Rc8 12. Rae1 Nc4 13. Bxc4 dxc4 14. Ne4 O-O
15. Nb5 Qa5 16. Nbd6 Rc7 17. Qg3 f6 18. Bc5 b6 19. Nxc4 Bxc5+ 20. Kh1 Qxa2 21.
exf6 g6 22. Ne5 Nxe5 23. fxe5 Qa6 24. f7+ Kg7 25. Qg5 h6 26. Qf6+ Kh7 27. Rf3
1-0

[Event "2026 Fred Maris Cup (Division A)"]
[Site "Woodvale, Perth WA AUS"]
[Date "2026.07.15"]
[Round "6"]
[White "Lowson, Jeremy"]
[Black "Smith, Douglas"]
[Result "1-0"]
[ECO "B22"]
[WhiteElo "1504"]
[BlackElo "1463"]
[PlyCount "117"]
[EventDate "2026.06.10"]
[EventType "swiss"]
[EventRounds "6"]
[EventCountry "AUS"]
[TimeControl "3600+30"]

1. e4 c5 2. d4 cxd4 3. Nf3 Nc6 4. c3 e6 5. cxd4 Nf6 6. Nc3 Bb4 7. Bd3 d5 8. e5
Nd7 9. O-O Bxc3 10. bxc3 h6 11. Ba3 Ne7 12. Qb3 O-O 13. Bd6 Re8 14. Nd2 Nc6 15.
Bb5 Na5 16. Qa4 a6 17. Bd3 b5 18. Qa3 Bb7 19. Nb3 Nxb3 20. axb3 Nb6 21. Bb4 Qd7
22. Qa5 Qc6 23. Rfc1 Rec8 24. Bc5 Nd7 25. Bd6 Nf8 26. f3 Qd7 27. c4 dxc4 28.
bxc4 bxc4 29. Rxc4 Rxc4 30. Bxc4 Qc8 31. Rc1 Bd5 32. Qb4 a5 33. Qc5 Nd7 34. Qc7
Qxc7 35. Bxc7 Bxc4 36. Rxc4 Rc8 37. Rc3 a4 38. Ba5 Rxc3 39. Bxc3 a3 40. Kf2 Nb6
41. Ke2 Na4 42. Kd2 Kh7 43. Kc2 Nxc3 44. Kxc3 a2 45. Kb2 a1=Q+ 46. Kxa1 Kg6 47.
Kb2 Kf5 48. g3 h5 49. Kc3 g5 50. Kd3 h4 51. Ke3 h3 52. Kd3 g4 53. fxg4+ Kxg4
54. Ke3 Kf5 55. Kf3 Kg5 56. g4 Kh4 57. Kf4 f6 58. exf6 e5+ 59. Kf5 1-0